| TOP OF THE 1ST |
|
Washington State University Cougars batting - Pitching for Wichita State University Shockers : LHP Joe Seaborn
|
|
Pitching: LHP Joe Seaborn
|
|
|
Batting: LHB David Jackson
|
0-0: Ball 1-0: Called Strike 1-1: Ball 2-1: Ball 3-1: Called Strike 3-2: Base on Balls
|
|
Batting: LHB Israel Ariza
|
0-0: Fielders Choice at 2nd, 3-6 (Groundball, 3, EV 86.2 MPH)
|
|
Batting: SHB Juan Delanoval
|
0-0: Ball 1-0: Ball 2-0: Called Strike 2-1: Swinging Strike 2-2: Strikes out swinging
|
|
Batting: RHB Mas Langat
|
0-0: Fly out, F9 (Flyball, 9S, EV 86.9 MPH)
|
| Top of the 1st over - 0 runs, 0 hits, 0 errors, 1 left on base; Washington State University 0 - Wichita State University 0 |
| BOTTOM OF THE 1ST |
|
Wichita State University Shockers batting - Pitching for Washington State University Cougars : RHP Briruc Fenuku
|
|
Pitching: RHP Briruc Fenuku
|
|
|
Batting: RHB Kyle Gill
|
0-0: SINGLE (Groundball, 56D, EV 96.9 MPH)
|
|
Batting: RHB Lucio Baratta
|
0-0: Fly out, F7 (Flyball, 7, EV 88.8 MPH)
|
|
Batting: LHB Carlos Flores
|
0-0: Ball 1-0: Ball 2-0: Fielders Choice at 2nd, 1-6 (Groundball, 13S, EV 65.6 MPH)
|
|
Batting: RHB Jeff Grant
|
0-0: Ball 1-0: Ground out 6-3 (Groundball, 56, EV 83.8 MPH)
|
| Bottom of the 1st over - 0 runs, 1 hit, 0 errors, 1 left on base; Washington State University 0 - Wichita State University 0 |
| TOP OF THE 2ND |
|
Washington State University Cougars batting - Pitching for Wichita State University Shockers : LHP Joe Seaborn
|
|
Batting: LHB Scott Spillers
|
0-0: Called Strike 0-1: Foul Ball, location: 2F 0-2: Ball 1-2: Ground out 4-3 (Groundball, 4, EV 85.0 MPH)
|
|
Batting: RHB Ryan Toth
|
0-0: Ball 1-0: Called Strike 1-1: Fly out, F7 (Line Drive, 7S, EV 98.8 MPH)
|
|
Batting: RHB Ron Essink
|
0-0: Ball 1-0: Ground out 4-3 (Groundball, 4, EV 108.1 MPH)
|
| Top of the 2nd over - 0 runs, 0 hits, 0 errors, 0 left on base; Washington State University 0 - Wichita State University 0 |
| BOTTOM OF THE 2ND |
|
Wichita State University Shockers batting - Pitching for Washington State University Cougars : RHP Briruc Fenuku
|
|
Batting: RHB Alex Zeledon
|
0-0: Ball 1-0: DOUBLE (Line Drive, 89D, EV 101.9 MPH)
|
|
Batting: RHB Jordan Carr
|
0-0: Ball 1-0: Called Strike 1-1: Ball 2-1: Foul Ball, location: 2F 2-2: Ball 3-2: Base on Balls
|
|
Batting: SHB Mike Chafe
|
0-0: Foul Ball, location: 2F 0-1: Foul Ball, location: 2F 0-2: Grounds into double play, 4-6-3 (Groundball, 4, EV 102.5 MPH) Alex Zeledon to third
|
|
Batting: SHB Peter Faggard
|
0-0: Ball 1-0: Ball 2-0: Called Strike 2-1: Ball 3-1: Base on Balls
|
|
Batting: LHB Greg Burton
|
0-0: Called Strike 0-1: SINGLE (Groundball, 56S, EV 64.4 MPH) (infield hit) Alex Zeledon scores Peter Faggard to second
|
|
Batting: RHB Kyle Gill
|
0-0: Called Strike 0-1: Swinging Strike 0-2: Fly out, F7 (Flyball, 78M, EV 78.8 MPH)
|
| Bottom of the 2nd over - 1 run, 2 hits, 0 errors, 2 left on base; Washington State University 0 - Wichita State University 1 |
| TOP OF THE 3RD |
|
Washington State University Cougars batting - Pitching for Wichita State University Shockers : LHP Joe Seaborn
|
|
Batting: RHB Joe Weber
|
0-0: Called Strike 0-1: Ground out 5-3 (Groundball, 5L, EV 84.4 MPH)
|
|
Batting: RHB Briruc Fenuku
|
0-0: Called Strike 0-1: Ball 1-1: Foul Ball, location: 2F 1-2: Strikes out swinging
|
|
Batting: LHB David Jackson
|
0-0: Called Strike 0-1: Ball 1-1: Swinging Strike 1-2: Ball 2-2: Ball 3-2: Ground out 4-3 (Groundball, 4, EV 79.4 MPH)
|
| Top of the 3rd over - 0 runs, 0 hits, 0 errors, 0 left on base; Washington State University 0 - Wichita State University 1 |
| BOTTOM OF THE 3RD |
|
Wichita State University Shockers batting - Pitching for Washington State University Cougars : RHP Briruc Fenuku
|
|
Batting: RHB Lucio Baratta
|
0-0: Swinging Strike 0-1: Ball 1-1: Ball 2-1: Ball 3-1: Base on Balls
|
|
Batting: LHB Carlos Flores
|
0-0: Ball 1-0: Called Strike 1-1: Foul Ball, location: 2F 1-2: Ball 2-2: SINGLE (Line Drive, 8RS, EV 91.9 MPH) Lucio Baratta to second
|
|
Batting: RHB Jeff Grant
|
0-0: Ball 1-0: Foul Ball, location: 2F 1-1: Swinging Strike 1-2: Foul Ball, location: 2F 1-2: Ball 2-2: Fly out, F9 (Flyball, 89D, EV 86.2 MPH)
|
|
Batting: RHB Alex Zeledon
|
0-0: Ball 1-0: Called Strike 1-1: Ball 2-1: Called Strike 2-2: Ball 3-2: Ground out 3-1 (Groundball, 13, EV 90.6 MPH) Lucio Baratta to third Carlos Flores to second
|
|
Batting: RHB Jordan Carr
|
0-0: Ball 1-0: Swinging Strike 1-1: Ball 2-1: Swinging Strike 2-2: Strikes out looking
|
| Bottom of the 3rd over - 0 runs, 1 hit, 0 errors, 2 left on base; Washington State University 0 - Wichita State University 1 |
| TOP OF THE 4TH |
|
Washington State University Cougars batting - Pitching for Wichita State University Shockers : LHP Joe Seaborn
|
|
Batting: LHB Israel Ariza
|
0-0: Called Strike 0-1: Called Strike 0-2: Ball 1-2: SINGLE (Groundball, 3D, EV 96.2 MPH)
|
|
Batting: SHB Juan Delanoval
|
0-0: Ball 1-0: Ball 2-0: Ball 3-0: Called Strike 3-1: Called Strike 3-2: Grounds into double play, 5-4-3 (Groundball, 5, EV 87.5 MPH)
|
|
Batting: RHB Mas Langat
|
0-0: Called Strike 0-1: SINGLE (Groundball, 6MD, EV 95.0 MPH)
|
|
Batting: LHB Scott Spillers
|
0-0: Called Strike 0-1: Foul Ball, location: 2F 0-2: Ball 1-2: Ball 2-2: Ground out U3 (Groundball, 3, EV 91.9 MPH)
|
| Top of the 4th over - 0 runs, 2 hits, 0 errors, 1 left on base; Washington State University 0 - Wichita State University 1 |
| BOTTOM OF THE 4TH |
|
Wichita State University Shockers batting - Pitching for Washington State University Cougars : RHP Briruc Fenuku
|
|
Batting: SHB Mike Chafe
|
0-0: Ball 1-0: Ball 2-0: Foul Ball, location: 2F 2-1: Foul Ball, location: 2F 2-2: Foul Ball, location: 2F 2-2: Foul Ball, location: 2F 2-2: Foul Ball, location: 2F 2-2: Ball 3-2: Ground out 4-3 (Groundball, 4, EV 106.2 MPH)
|
|
Batting: SHB Peter Faggard
|
0-0: Ball 1-0: Called Strike 1-1: Ball 2-1: Ground out 6-3 (Groundball, 6, EV 89.4 MPH)
|
|
Batting: LHB Greg Burton
|
0-0: Ball 1-0: Called Strike 1-1: SINGLE (Line Drive, 78S, EV 107.5 MPH)
|
|
Batting: RHB Kyle Gill
|
0-0: Ball 1-0: Ball 2-0: SINGLE (Groundball, 56, EV 103.1 MPH) Greg Burton to second
|
|
Batting: RHB Lucio Baratta
|
0-0: Foul Ball, location: 2F 0-1: Ball 1-1: Fly out, F7 (Flyball, 7, EV 88.8 MPH)
|
| Bottom of the 4th over - 0 runs, 2 hits, 0 errors, 2 left on base; Washington State University 0 - Wichita State University 1 |
| TOP OF THE 5TH |
|
Washington State University Cougars batting - Pitching for Wichita State University Shockers : LHP Joe Seaborn
|
|
Batting: RHB Ryan Toth
|
0-0: Ball 1-0: Ball 2-0: Called Strike 2-1: Ball 3-1: Swinging Strike 3-2: Foul Ball, location: 2F 3-2: Ground out 6-3 (Groundball, 6, EV 88.1 MPH)
|
|
Batting: RHB Ron Essink
|
0-0: Ball 1-0: Foul Ball, location: 2F 1-1: Ground out 5-3 (Groundball, 5, EV 100.0 MPH)
|
|
Batting: RHB Joe Weber
|
0-0: Called Strike 0-1: Ball 1-1: Called Strike 1-2: Strikes out swinging
|
| Top of the 5th over - 0 runs, 0 hits, 0 errors, 0 left on base; Washington State University 0 - Wichita State University 1 |
| BOTTOM OF THE 5TH |
|
Wichita State University Shockers batting - Pitching for Washington State University Cougars : RHP Briruc Fenuku
|
|
Batting: LHB Carlos Flores
|
0-0: Ground out 2-3 (Groundball, 2R, EV 72.5 MPH)
|
|
Batting: RHB Jeff Grant
|
0-0: Foul Ball, location: 2F 0-1: Foul Ball, location: 2F 0-2: Ball 1-2: Ground out 5-3 (Groundball, 5, EV 98.8 MPH)
|
|
Batting: RHB Alex Zeledon
|
0-0: Ball 1-0: Swinging Strike 1-1: Swinging Strike 1-2: Foul Ball, location: 2F 1-2: Strikes out swinging
|
| Bottom of the 5th over - 0 runs, 0 hits, 0 errors, 0 left on base; Washington State University 0 - Wichita State University 1 |
| TOP OF THE 6TH |
|
Washington State University Cougars batting - Pitching for Wichita State University Shockers : LHP Joe Seaborn
|
|
Batting: RHB Briruc Fenuku
|
0-0: Called Strike 0-1: Ball 1-1: Ball 2-1: Foul Ball, location: 2F 2-2: Strikes out swinging
|
|
Batting: LHB David Jackson
|
0-0: Ball 1-0: Ball 2-0: Swinging Strike 2-1: Called Strike 2-2: Strikes out swinging
|
|
Batting: LHB Israel Ariza
|
0-0: Ball 1-0: Ball 2-0: Ball 3-0: Called Strike 3-1: Foul Ball, location: 2F 3-2: Foul Ball, location: 2F 3-2: Reached on error, E6 (Groundball, 6, EV 100.6 MPH)
|
|
Pitching: RHP Ryan Chase
|
|
|
Batting: SHB Juan Delanoval
|
0-0: Ball 1-0: Foul Ball, location: 2F 1-1: Called Strike 1-2: Ball 2-2: Fielders Choice at 2nd, 6-4 (Groundball, 6, EV 99.4 MPH)
|
| Top of the 6th over - 0 runs, 0 hits, 1 error, 1 left on base; Washington State University 0 - Wichita State University 1 |
| BOTTOM OF THE 6TH |
|
Wichita State University Shockers batting - Pitching for Washington State University Cougars : RHP Briruc Fenuku
|
|
Pitching: RHP Joaquin Adame
|
|
|
Batting: RHB Jordan Carr
|
0-0: SINGLE (Groundball, 34D, EV 106.2 MPH)
|
|
Batting: SHB Mike Chafe
|
0-0: Called Strike 0-1: SINGLE (Line Drive, 9S, EV 91.2 MPH) Jordan Carr to second Runner from 2nd tries for 3rd, SAFE, throw by RF made to third
|
|
Batting: SHB Peter Faggard
|
0-0: DOUBLE (Line Drive, 7LM, EV 96.2 MPH) Jordan Carr scores Mike Chafe to third
|
|
Batting: LHB Greg Burton
|
0-0: Ball 1-0: Ball 2-0: Ball 3-0: Called Strike 3-1: Foul Ball, location: 2F 3-2: SINGLE (Groundball, 4MD, EV 108.1 MPH) Mike Chafe scores Peter Faggard to third
|
|
Batting: RHB Kyle Gill
|
0-0: Ball 1-0: Foul Ball, location: 2F 1-1: Ball 2-1: Called Strike 2-2: Foul Ball, location: 2F 2-2: Fly out, F9 (Flyball, 9, EV 77.5 MPH) Runner from 3rd tags up, SCORES, throw by RF
|
|
Pitching: RHP Gerbrand Lubbers
|
|
|
Batting: RHB Lucio Baratta
|
0-0: Ball Greg Burton steals 2nd base 1-0: Ball 2-0: Swinging Strike 2-1: Foul Ball, location: 2F 2-2: Foul Ball, location: 2F 2-2: Foul Ball, location: 2F 2-2: Foul Ball, location: 2F 2-2: Strikes out swinging
|
|
Batting: LHB Carlos Flores
|
0-0: Ball 1-0: Called Strike 1-1: Fly out, F7 (Flyball, 78M, EV 93.1 MPH)
|
| Bottom of the 6th over - 3 runs, 4 hits, 0 errors, 1 left on base; Washington State University 0 - Wichita State University 4 |
| TOP OF THE 7TH |
|
Washington State University Cougars batting - Pitching for Wichita State University Shockers : RHP Ryan Chase
|
|
Batting: RHB Mas Langat
|
0-0: Foul Ball, location: 2F 0-1: Called Strike 0-2: SINGLE (Flyball, 8LS, EV 83.1 MPH)
|
|
Batting: LHB Scott Spillers
|
0-0: Called Strike 0-1: Ball 1-1: Foul Ball, location: 2F 1-2: Ball 2-2: Ball 3-2: SINGLE (Groundball, 34D, EV 106.9 MPH) Mas Langat to second Mas Langat to third
|
|
Batting: RHB Ryan Toth
|
0-0: Ball 1-0: Fly out, F8 (Flyball, 8RD, EV 98.1 MPH) Runner from 3rd tags up, OUT at HOME! 8-2 Scott Spillers to second
|
|
Batting: RHB Ron Essink
|
0-0: Foul Ball, location: 2F 0-1: Ball 1-1: Fly out, F8 (Flyball, 8LD, EV 108.1 MPH)
|
| Top of the 7th over - 0 runs, 2 hits, 0 errors, 1 left on base; Washington State University 0 - Wichita State University 4 |
| BOTTOM OF THE 7TH |
|
Wichita State University Shockers batting - Pitching for Washington State University Cougars : RHP Gerbrand Lubbers
|
|
Batting: RHB Jeff Grant
|
0-0: Ball 1-0: Called Strike 1-1: Ball 2-1: Swinging Strike 2-2: Strikes out swinging
|
|
Batting: RHB Alex Zeledon
|
0-0: Foul Ball, location: 2F 0-1: Ground out 6-3 (Groundball, 6, EV 94.4 MPH)
|
|
Batting: RHB Jordan Carr
|
0-0: Ball 1-0: Foul Ball, location: 2F 1-1: Ball 2-1: Ball 3-1: SINGLE (Line Drive, 6D, EV 106.2 MPH)
|
|
Batting: SHB Mike Chafe
|
0-0: Foul Ball, location: 2F 0-1: Foul Ball, location: 2F 0-2: Fly out, F9 (Flyball, 9, EV 82.5 MPH)
|
| Bottom of the 7th over - 0 runs, 1 hit, 0 errors, 1 left on base; Washington State University 0 - Wichita State University 4 |
| TOP OF THE 8TH |
|
Washington State University Cougars batting - Pitching for Wichita State University Shockers : RHP Ryan Chase
|
|
Pitching: RHP Steve Mattes
|
|
|
Batting: RHB Joe Weber
|
0-0: Ball 1-0: Ball 2-0: Ball 3-0: Called Strike 3-1: Ground out 6-3 (Groundball, 6, EV 86.2 MPH)
|
|
Batting: RHB Briruc Fenuku
|
0-0: Called Strike 0-1: Ball 1-1: Ball 2-1: Ball 3-1: Base on Balls
|
|
Batting: LHB David Jackson
|
0-0: Ball 1-0: Ball 2-0: Ball 3-0: Base on Balls Briruc Fenuku to second
|
|
Batting: LHB Israel Ariza
|
0-0: Foul Ball, location: 2F 0-1: Ball 1-1: Foul Ball, location: 2F 1-2: Ball 2-2: Foul Ball, location: 2F 2-2: Ball 3-2: Foul Ball, location: 2F 3-2: Foul Ball, location: 2F 3-2: Base on Balls Briruc Fenuku to third David Jackson to second
|
|
Pitching: RHP Keith Wilder
|
|
|
Batting: SHB Juan Delanoval
|
0-0: Ball 1-0: Called Strike 1-1: Ball 2-1: Ball 3-1: Base on Balls Briruc Fenuku scores David Jackson to third Israel Ariza to second
|
|
Batting: RHB Mas Langat
|
0-0: Ball 1-0: Ball Passed Ball! David Jackson scores Israel Ariza to third Juan Delanoval to second 2-0: Ball 3-0: Called Strike 3-1: Ground out 6-3 (Groundball, 6, EV 81.2 MPH) Israel Ariza scores
|
|
Batting: LHB Scott Spillers
|
0-0: Fly out, F9 (Flyball, 9, EV 91.2 MPH)
|
| Top of the 8th over - 3 runs, 0 hits, 0 errors, 1 left on base; Washington State University 3 - Wichita State University 4 |
| BOTTOM OF THE 8TH |
|
Wichita State University Shockers batting - Pitching for Washington State University Cougars : RHP Gerbrand Lubbers
|
|
Pitching: RHP Randolph Batten
|
|
|
Batting: SHB Peter Faggard
|
0-0: Ball 1-0: Called Strike 1-1: Fly out, F7 (Line Drive, 7S, EV 91.9 MPH)
|
|
Batting: LHB Greg Burton
|
0-0: Called Strike 0-1: Swinging Strike 0-2: Fly out, F9 (Line Drive, 9S, EV 91.9 MPH)
|
|
Batting: RHB Kyle Gill
|
0-0: Ball 1-0: Ground out 6-3 (Groundball, 6, EV 85.6 MPH)
|
| Bottom of the 8th over - 0 runs, 0 hits, 0 errors, 0 left on base; Washington State University 3 - Wichita State University 4 |
| TOP OF THE 9TH |
|
Washington State University Cougars batting - Pitching for Wichita State University Shockers : RHP Keith Wilder
|
|
Pitching: LHP Blake Gans
|
|
|
Batting: RHB Ryan Toth
|
0-0: Ball 1-0: Foul Ball, location: 2F 1-1: SINGLE (Line Drive, 6M, EV 96.2 MPH)
|
|
Batting: RHB Ron Essink
|
0-0: Ball 1-0: Foul Ball, location: 2F 1-1: Ball 2-1: Sac Bunt to 13S - play at first, batter safe! Ryan Toth to second
|
|
Batting: RHB Joe Weber
|
0-0: Called Strike 0-1: Ball 1-1: Ball 2-1: Foul Ball, location: 2F 2-2: Grounds into double play, 5-4-3 (Groundball, 56, EV 84.4 MPH) Ryan Toth to third
|
|
Batting: RHB Briruc Fenuku
|
0-0: Swinging Strike 0-1: Called Strike 0-2: Ball 1-2: Ball 2-2: Ground out 4-3 (Groundball, 4, EV 85.0 MPH)
|
| Top of the 9th over - 0 runs, 2 hits, 0 errors, 1 left on base; Washington State University 3 - Wichita State University 4 |
|